 Dungeon Crawl Stone Soup version 0.24.0-13-gcf9b319 (webtiles) character file.

Game seed: 11124785254415358497, levelgen mode: deterministic

123 Bronimir the Chiller (level 5, -5/41 HPs)
             Began as a Barachi Ice Elementalist on Mar 26, 2020.
             Killed from afar by an orc wizard (11 damage)
             ... with a puff of frost
             ... on level 3 of the Dungeon.
             The game lasted 00:05:35 (1732 turns).

Bronimir the Chiller (Barachi Ice Elementalist)     Turns: 1732, Time: 00:05:35

Health: -5/41      AC:  3    Str: 10    XL:     5   Next: 7%
Magic:  1/11       EV: 13    Int: 16    God:
Gold:   132        SH:  0    Dex: 12    Spells: 6/12 levels left

rFire    . . .     SeeInvis .   u - +0 mace
rCold    . . .     Gourm    .   (no shield)
rNeg     . . .     Faith    .   h - +0 leather armour
rPois    .         Spirit   .   (no helmet)
rElec    .         Reflect  .   (no cloak)
rCorr    .         Harm     .   (no gloves)
MR       .....                  (no boots)
Stlth    ++........             i - amulet of regeneration
HPRegen  0.53/turn              (no ring)
MPRegen  0.12/turn              (no ring)

@: can't hop, slow
A: +LOS, swims, slowness 1, strong legs 1
a: Hop


You were on level 3 of the Dungeon.
You were very hungry.

You visited 1 branch of the dungeon, and saw 4 of its levels.

You collected 132 gold pieces.

Inventory:

Hand Weapons
 a - a +1 dagger of electrocution
 e - a +0 dagger
 u - a +0 mace (weapon)
Missiles
 g - 39 stones (quivered)
 r - 9 poisoned darts
 t - 49 arrows
Armour
 h - a +0 leather armour (worn)
 m - a +0 large shield
 s - a +0 robe
Jewellery
 i - an amulet of regeneration (around neck)
Scrolls
 b - 2 scrolls of remove curse {unknown}
 j - 3 scrolls of enchant weapon {unknown}
 n - a scroll of fear {unknown}
 o - a scroll of blinking {unknown}
 p - a scroll of identify {unknown}
 w - a scroll of teleportation {unknown}
 x - a scroll of noise {unknown}
Potions
 d - a potion of curing
 k - a potion of mutation {unknown}
 l - a potion of cancellation {unknown}
 q - a potion of heal wounds {unknown}
 v - a potion of lignification {unknown}
 z - a potion of agility {unknown}
 A - a potion of flight {unknown}
Comestibles
 c - 4 rations


   Skills:
 + Level 3.3 Fighting
 + Level 3.0 Short Blades
 + Level 2.6 Maces & Flails
 + Level 2.8 Throwing
 * Level 5.3 Armour
 + Level 3.8 Dodging
 - Level 1.7 Stealth
 + Level 2.6 Shields
 + Level 2.6 Unarmed Combat
 + Level 4.0 Spellcasting
 * Level 4.5 Conjurations
 + Level 2.7 Charms
 * Level 7.1 Ice Magic


You had 6 spell levels left.
You knew the following spells:

 Your Spells              Type           Power        Failure   Level  Hunger
a - Freeze                Ice            ####         1%          1    None
b - Throw Frost           Conj/Ice       ###...       3%          2    ##.....
c - Ozocubu's Armour      Chrm/Ice       ###.....     9%          3    ###....

Your spell library contained the following spells:

 Spells                   Type           Power        Failure   Level  Hunger
 Throw Icicle             Conj/Ice       ###.....     21%         4    ####...
 Summon Ice Beast         Ice/Summ       ##......     45%         4    ####...


Dungeon Overview and Level Annotations

Branches:
Dungeon (4/15)
 Temple: D:4-7

Altars:


Innate Abilities, Weirdness & Mutations

Shadows flee at your approach. (+LOS)
You can swim through water.
You cover ground slowly.
You can hop short distances.


Message History

The puff of frost hits you!
* * * LOW HITPOINT WARNING * * *
It was a potion of experience.
You feel more experienced!
Your Fighting skill gained 2 levels and is now at level 3!
Your Short Blades skill gained 3 levels and is now at level 3!
Your Maces & Flails skill gained 2 levels and is now at level 2!
Your Throwing skill gained 2 levels and is now at level 2!
Your Armour skill gained 5 levels and is now at level 5!
Your Dodging skill increases to level 3!
Your Shields skill gained 2 levels and is now at level 2!
Your Unarmed Combat skill gained 2 levels and is now at level 2!
Your Spellcasting skill gained 2 levels and is now at level 4!
Your Conjurations skill gained 3 levels and is now at level 4!
Your Charms skill gained 2 levels and is now at level 2!
Your Ice Magic skill gained 2 levels and is now at level 7!
You have reached level 5!
The orc wizard gestures at you while chanting.
The puff of frost hits you!
You die...

####.##.####.####.#
#.# #.# #.# #°# #.#
#.# #o# #.####.#
#)# #.#....# #)#
#.#.#### #)# #.#.#
####'####.#.# ###
#..@....#.#.# ....
#.......# #.# ...
#.......# #.# ...
#.......# #.# ..
#.......# #.# #.
#.......# #.#
#####.###.......#
#.#
#...............#
#.#
#..........#.####
#.#


You could see an orc wizard.

Vanquished Creatures
  A dart slug (D:1)
  A leopard gecko (D:2)
  7 orcs (D:3)
  9 bats
  3 giant cockroaches (D:1)
  2 goblins
  5 hobgoblins
  2 jackals (D:2)
  A quokka (D:2)
  A ball python (D:1)
  2 frilled lizards (D:2)
  6 kobolds (D:1)
  9 rats
49 creatures vanquished.

Notes
Turn   | Place    | Note
-------+----------+-------------------------------------------
     0 | D:1      | Bronimir the Barachi Ice Elementalist began the quest for
                  | the Orb.
     0 | D:1      | Reached XP level 1. HP: 13/13 MP: 3/3
   199 | D:1      | Reached skill level 4 in Ice Magic
   213 | D:1      | Reached XP level 2. HP: 11/19 MP: 0/5
   426 | D:1      | Learned a level 2 spell: Throw Frost
   834 | D:1      | Reached XP level 3. HP: 21/24 MP: 3/6
  1008 | D:2      | Learned a level 3 spell: Ozocubu's Armour
  1712 | D:3      | Reached skill level 1 in Fighting
  1712 | D:3      | Reached XP level 4. HP: 23/32 MP: 2/7
  1716 | D:3      | Reached skill level 5 in Ice Magic
  1732 | D:3      | Reached skill level 5 in Armour
  1732 | D:3      | Reached skill level 7 in Ice Magic
  1732 | D:3      | Reached XP level 5. HP: 6/41 MP: 1/11
  1732 | D:3      | Killed from afar by an orc wizard

Levels and vault maps discovered:
D:1:      psy_arrival_wood_between_worlds, layout_basic
D:2:      layout_rooms, first_ration
D:3:      layout_basic, old_standard_altar
D:4:      layout_rooms

Skill      XL: |  1  2  3  4 |
---------------+-------------+-----
Ice Magic      | 4 7 |  7.1
Fighting       | 1 3 |  3.3
Short Blades   | 3 |  3.0
Maces & Flails | 2 |  2.6
Throwing       | 2 |  2.8
Armour         | 5 |  5.3
Dodging        | 3 |  3.8
Shields        | 2 |  2.6
Unarmed Combat | 2 |  2.6
Spellcasting   | 4 |  4.0
Conjurations   | 4 |  4.5
Charms         | 2 |  2.7
Stealth        | |  1.7

Action                   |  1- 3 |  4- 6 || total
-------------------------+-------+-------++-------
Melee: Dagger            |    23 |       ||    23
       Mace              |    33 |     7 ||    40
 Cast: Freeze            |    42 |     5 ||    47
       Throw Frost       |     1 |       ||     1
 Abil: Hop               |     3 |     1 ||     4
  Use: Potion            |       |     2 ||     2
 Stab: Sleeping          |     3 |       ||     3
  Eat: Chunk             |     3 |       ||     3
Armor: Robe              |     7 |       ||     7
       Leather armour    |    23 |     3 ||    26
Dodge: Dodged            |    87 |     2 ||    89
